AoeStats
← AkHide1

Black Forest

508156845Analyzed
4v4 RM · 10d ago on Sep 21, 2026· 29m 34s· 8 players
Game mode
Random Map
Map size
Large (8 player)
Population
200
Speed
Normal
Resources
Standard
Victory
Conquest
Starting age
Dark Age
Ending age
Imperial Age
RankedLock teamsTeams togetherTeam positionsShared explorationLock speedFull tech treeHidden civsTurbo modeCheats
Victory
Defeat
🇺🇸 Spanish · United States
1188
+13
🇨🇳 Georgians · China
1048
+19
🇨🇳 Bohemians · China
1045
+19
🇲🇽 Sicilians · Mexico
1040
+18
🇦🇷 Mongols · Argentina
1118
-18
🇦🇷 Bohemians · Argentina
1108
-17
🇹🇼 Goths · Taiwan
1106
-17
🇦🇷 Poles · Argentina
1103
-17
TheDuff_KøK
10:37 Feudal Age
11:28 Double-Bit Axe
11:23 Horse Collar
11:48 Double-Bit Axe
14:13 Castle Age
16:31 Heavy Plow
16:17 Double-Bit Axe
17:48 Wheelbarrow
17:07 Loom
23:04 Bow Saw
23:39 Hand Cart
26:24 Gold Mining
27:10 Scale Barding Armor
26:55 Fletching
27:08 Scale Mail Armor
27:18 Forging
30:00 Imperial Age
27:16 Town Watch
28:09 Husbandry
28:10 Scale Mail Armor
28:15 Scale Barding Armor
28:02 Fletching
jerry80tim
0:51 Loom
13:10 Feudal Age
13:55 Double-Bit Axe
15:45 Man-at-Arms
18:36 Wheelbarrow
22:19 Gold Mining
24:53 Gold Mining
28:08 Castle Age
26:23 Scale Mail Armor
26:34 Forging
27:15 Horse Collar
29:35 Bow Saw
AkHide1
1:33 Loom
13:24 Feudal Age
14:33 Double-Bit Axe
17:24 Castle Age
19:03 Bow Saw
22:05 Stone Mining
25:00 Husbandry
25:12 Bloodlines
25:04 Scale Mail Armor
25:11 Scale Barding Armor
25:16 Horse Collar
27:08 Heavy Plow
27:32 Chain Barding Armor
28:07 Wheelbarrow
28:58 Szlachta Privileges
Schrodinger
0:42 Loom
12:56 Feudal Age
18:16 Castle Age
16:43 Double-Bit Axe
19:05 Horse Collar
25:05 Fervor
Ragnarok
0:44 Loom
13:12 Feudal Age
18:49 Castle Age
24:58 Imperial Age
24:18 Horse Collar
26:11 Double-Bit Axe
27:47 Bow Saw
29:50 Padded Archer Armor
Maggie Q
0:28 Loom
15:34 Feudal Age
18:57 Double-Bit Axe
19:26 Arson
21:05 Horse Collar
21:56 Town Watch
24:14 Castle Age
23:46 Fishing Lines
25:40 Wheelbarrow
24:51 Town Watch
25:33 Gillnets
25:58 Bow Saw
26:59 Heavy Plow
28:54 Hand Cart
Elvise177
1:09 Loom
11:12 Feudal Age
17:11 Castle Age
15:40 Double-Bit Axe
15:58 Horse Collar
19:03 Heavy Plow
19:24 Bow Saw
28:44 Forging
28:40 Scale Barding Armor
rms_0489
1:21 Loom
11:43 Feudal Age
15:03 Double-Bit Axe
26:19 Castle Age
24:43 Horse Collar
26:44 Forging
26:39 Scale Barding Armor
26:36 Scale Mail Armor
Connection lost

Rejoining the realm…

Still unreachable

The connection could not be restored.

Session expired

The server has moved on; the page needs a fresh start.